Description

Lowko's 15 Hatch ZvZ cheese. Another VOD : https://www.youtube.com/watch?v=CH5zf57qHT4

VOD

https://www.youtube.com/watch?v=EFGJKS69qz0&t=308s

Build Order

Get SALT Encoding   

  14  0:15  Drone  Extractor trick
  15  0:39  Hatchery  Extractor trick to get 15 supply
  14  0:42  Extractor  Pull drones from gas at 100@ 1:42
  13  0:43  Drone  
  14  0:59  Spawning Pool  
  13  1:00  Drone  
  14  1:11  Overlord  
  14  1:45  Metabolic Boost  
  14  1:47  Queen  
  15  1:48  Zergling  
  16  1:49  Zergling  
  17  1:50  Zergling  Constant Zergling production
  23  2:12  Overlord  30 speedlings at 3:30
Spawning Tool Build Advisor. Get it on Overwolf

Analysis

Don't forget making another overlord when you are approaching 36 supply to not get supply blocked.

Go to:

Details

  • Created by: Redeagl  
  • Published on: Dec 15, 2017
  • Modified on: Dec 21, 2017
  • Patch: 3.8.0
Show
View Real Time Build Order
Export as new Build Order

Comments (0)

There are no comments. Be the first!

Create an account to comment!